 Dungeon Crawl Stone Soup version 0.31-a0-325-g067879e3d3 (webtiles) character file.

Game seed: 6117548881372011368

644 krispy the Chopper (level 7, 0/61 HPs)
             Began as a Minotaur Fighter on July 18, 2023.
             Was a Follower of Nemelex Xobeh.
             Succumbed to Blork the orc's poison
             ... on level 4 of the Dungeon.
             The game lasted 00:21:05 (2194 turns).

krispy the Chopper (Minotaur Fighter)               Turns: 2194, Time: 00:21:06

Health: 0/61       AC:  7    Str: 22    XL:     7   Next: 27%
Magic:  6/6        EV: 10    Int:  5    God:    Nemelex Xobeh [*.....]
Gold:   182        SH:  4    Dex: 10    Spells: 6/6 levels left

rFire   . . .        a - +0 war axe
rCold   . . .        c - +0 buckler
rNeg    . . .        b - +0 scale mail
rPois   .            (helmet restricted)
rElec   .            (no cloak)
rCorr   .            (no gloves)
SInv    .            (no boots)
Will    .....        (no amulet) Stlth
                     w - ring of flight
HPRegen 0.30/turn    (no ring)
MPRegen 0.10/turn

%: no passive effects
@: lethally poisoned (0 -> -8), flying
A: horns 2, retaliatory headbutt
a: Renounce Religion, Draw Escape, Draw Destruction, Draw Summoning


You were on level 4 of the Dungeon.
You worshipped Nemelex Xobeh.
Nemelex Xobeh was aware of your devotion.
You visited 1 branch of the dungeon, and saw 4 of its levels.
You also visited: Sewer.

You collected 182 gold pieces.

Inventory:

Hand Weapons
 a - a +0 war axe (weapon)
 h - a +0 club
 j - a +0 dagger
 k - a +0 flail
 r - a +0 short sword
 B - a +4 halberd of venom
Missiles
 q - 14 stones
Armour
 b - a +0 scale mail (worn)
 c - a +0 buckler (worn)
 g - a +0 leather armour
 l - a +0 robe
 m - a +0 leather armour
 x - a +0 helmet
 y - a +0 scale mail
 A - a +0 ring mail
Jewellery
 w - a ring of flight (left hand)
Scrolls
 f - 6 scrolls of identify {unknown}
 i - 2 scrolls of poison {unknown}
 p - a scroll of immolation {unknown}
 s - 4 scrolls of enchant weapon {unknown}
 t - 2 scrolls of teleportation
 v - a scroll of enchant armour {unknown}
Potions
 d - 2 potions of might
 e - a potion of haste {unknown}
 n - 4 potions of heal wounds {unknown}
 o - a potion of curing {unknown}
 u - 5 potions of enlightenment
 z - a potion of attraction {unknown}


   Skills:
 + Level 5.3 Fighting
 + Level 6.4 Axes
 + Level 5.5 Armour
 + Level 2.6 Dodging
 + Level 0.2 Stealth
 + Level 4.7 Shields


You had 6 spell levels left.
You didn't know any spells.
Your spell library was empty.

Dungeon Overview and Level Annotations

Branches:
Dungeon (4/15)              Sewer (visited)
 Temple: D:4-7

Altars:
Nemelex Xobeh
Uskayaw


Innate Abilities, Weirdness & Mutations

You have a pair of horns on your head.
You reflexively headbutt those who attack you in melee.


Message History

Blork the orc comes into view.
He is wielding a +4 halberd of venom.
Blork the orc frowns.
Blork the orc barely misses you.
You slash Blork the orc!
Blork the orc is heavily wounded.
Blork the orc hits you with a +4 halberd of venom! x2
You are poisoned.
You barely miss Blork the orc.
Blork the orc is heavily wounded.
You feel very sick.
Blork the orc hits you with a +4 halberd of venom.
You hit Blork the orc.
Blork the orc is heavily wounded.
You feel very sick.
Blork the orc hits you with a +4 halberd of venom.
You are more poisoned.
You barely miss Blork the orc. You headbutt Blork the orc.
Blork the orc is severely wounded.
You feel very sick.
Blork the orc hits you with a +4 halberd of venom!
* * * LOW HITPOINT WARNING * * *
You are lethally poisoned!
You slash Blork the orc!
You kill Blork the orc!
You hear the brisk hiss of a very distant avalanche of sand.
* * * LOW HITPOINT WARNING * * *
You feel extremely sick.
There is a lethal amount of poison in your body!
There is a lethal amount of poison in your body!
* * * LOW HITPOINT WARNING * * *
You feel very sick.
Things that are here:
a +4 halberd of venom; a +0 robe
B - a +4 halberd of venom
* * * LOW HITPOINT WARNING * * *
You feel very sick.
* * * LOW HITPOINT WARNING * * *
You feel sick.
You die...
Your body disappears without a glow.

##..## ###..##
....## #
###..## #..
##..# ##....
##.## ####....#
##.## ###....#
#..## ###...[#
##..####...@###
##.......###
##....###
#..### #.##
##### #.#
##...#### #..
##.......### #
#..
##.......<..# #
#..
#...........# #


There were no monsters in sight!

Vanquished Creatures
  A phantom (D:4)
  Blork the orc (D:4)
  2 hounds
  An orc priest (D:3)
  2 orc wizards
  A sleepcap (D:4)
  A sickly merfolk siren (Sewer)
  A malarious merfolk avatar (Sewer)
  4 gnolls (D:4)
  5 river rats (Sewer)
  10 adders
  A worm (D:2)
  2 dart slugs
  17 orcs
  5 ball pythons
  9 endoplasms
  7 giant cockroaches
  3 goblins
  5 hobgoblins
  8 quokkas
  6 bats
  3 frilled lizards
  2 kobolds
  25 rats
122 creatures vanquished.

Notes
Turn   | Place    | Note
-------+----------+-------------------------------------------
     0 | D:1      | krispy the Minotaur Fighter began the quest for the Orb.
     0 | D:1      | Reached XP level 1. HP: 19/19 MP: 0/0
   282 | D:1      | Reached XP level 2. HP: 21/27 MP: 1/1
   377 | D:2      | Reached XP level 3. HP: 15/34 MP: 2/2
   463 | D:2      | Reached skill level 3 in Axes
   493 | D:2      | Reached XP level 4. HP: 40/41 MP: 3/3
  1137 | D:3      | Reached skill level 1 in Dodging
  1169 | D:3      | Found a sparkling altar of Nemelex Xobeh.
  1183 | D:3      | Found a hide-covered altar of Uskayaw.
  1190 | D:3      | Became a worshipper of Nemelex Xobeh the Trickster
  1268 | D:3      | Found a faded altar of an unknown god.
  1274 | D:3      | Reached skill level 4 in Axes
  1274 | D:3      | Reached XP level 5. HP: 42/47 MP: 4/4
  1400 | D:3      | Found a glowing drain.
  1506 | Sewer    | Entered a sewer
  1576 | Sewer    | Reached skill level 5 in Fighting
  1601 | Sewer    | Reached skill level 5 in Armour
  1622 | Sewer    | Reached XP level 6. HP: 38/56 MP: 5/5
  1849 | D:4      | Reached skill level 5 in Axes
  1964 | D:4      | Reached * piety under Nemelex Xobeh
  2025 | D:4      | Reached XP level 7. HP: 55/61 MP: 6/6
  2070 | D:4      | Reached skill level 6 in Axes
  2182 | D:4      | Noticed Blork the orc
  2190 | D:4      | Killed Blork the orc
  2192 | D:4      | HP: 3/61 [poisoned by Blork the orc]
  2193 | D:4      | HP: 1/61 [poisoned by Blork the orc]
  2194 | D:4      | Succumbed to Blork the orc's poison

Illustrated notes

Levels and vault maps discovered:
D:1:      saegor_arrival_fortress, layout_basic, minmay_liquid_box,
          minmay_domino_4
D:2:      layout_loops_ring, amcnicky_mini_pool_small,
          ebering_dispersal_statue_hall
D:3:      layout_rooms, tgw_fedhas, nicolae_overflow_squiral,
          shapermc_ecumenical_altar_gd, gup_sewer_entry_glass,
          minmay_misc_feat_nine_boxes
D:4:      layout_cave_pods, nicolae_ossuary_entry_ruins, chequers_avenue,
          uniq_blork_the_orc

Skill      XL: |  1  2  3  4  5  6  7 |
---------------+----------------------+-----
Armour         | 4 5 |  5.5
Fighting       | 4 5 |  5.3
Shields        | 4 |  4.7
Axes           | 3 4 5 6 |  6.4
Dodging        | 1 2 |  2.6
Stealth        | |  0.2

Action                     |  1- 3 |  4- 6 |  7- 9 || total
---------------------------+-------+-------+-------++-------
  Melee: War axe           |    48 |   225 |    20 ||   293
         Headbutt          |     7 |    48 |     2 ||    57
 Armour: Scale mail        |    33 |    67 |     9 ||   109
  Dodge: Dodged            |    39 |   101 |    13 ||   153
  Block: Buckler           |    10 |    49 |     4 ||    63

Table legend: (Time is in decaauts)
 A = Elapsed time spent in this place.
 B = Non-inter-level travel time spent in this place.
 C = Inter-level travel time spent in this place.
 D = Time resting spent in this place.
 E = Time spent auto-exploring this place.
 F = Levels seen in this place.
 G = Mean time per level.
                   A        B        C        D        E       F      G
               +--------+--------+--------+--------+--------+-----+--------+
         Total |   2319 |   1078 |   1241 |      0 |     20 |   5 |  463.8 |
       Dungeon |   1988 |    747 |   1241 |      0 |     20 |   4 |  497.0 |
         Sewer |    331 |    331 |      0 |      0 |      0 |   1 |  331.0 |
               +--------+--------+--------+--------+--------+-----+--------+

Top non-repeatable levels by time:
     D:2: 642 daAuts
     D:3: 585 daAuts
     D:4: 407 daAuts
     D:1: 352 daAuts
   Sewer: 331 daAuts
